Map: King Sejong Station LE

Players

CaptainSteve

  • Race: Zerg Zerg
  • League: Platinum

Arnak - Winner!

  • Race: Terran Terran

VOD

Have the link to the VOD?

Description

Time

  • Played on: July 27, 2016, 4:13 p.m.
  • Length: 8:42
Show
View Real Time Build Order
Export as new Build Order

CaptainSteve Zerg 

Build Orders: Hatch First 

Get SALT Encoding   

  12  0:01  Drone  
  13  0:12  Overlord  
  13  0:17  Drone  
  14  0:30  Drone x2  
  14  0:34  Drone  
  17  0:54  Hatchery  
  17  0:56  Drone  
  17  0:59  Drone  
  18  1:10  Extractor  
  17  1:15  Spawning Pool  
  17  1:18  Drone  
  17  1:21  Drone  
  18  1:29  Drone  
  19  1:40  Drone  
  20  1:50  Overlord  
  20  2:02  Drone  
  20  2:05  Queen  
  20  2:06  Queen  
  20  2:08  Drone  
  26  2:10  Metabolic Boost  
  26  2:14  Zergling x2  
  27  2:22  Drone x2  
  29  2:33  Extractor  
  27  2:40  Drone  
  27  2:41  Drone x2  
  29  2:50  Drone x2  
  32  3:02  Drone  
  32  3:03  Drone  
  32  3:06  Queen  
  32  3:07  Drone  
  35  3:13  Overlord  
  35  3:21  Extractor, Drone x2  
  35  3:22  Extractor, Drone  
  38  3:31  Queen  
  38  3:34  Roach Warren, Drone x3  
  39  3:38  Zergling x2  
  44  3:41  Zergling x2  
  44  3:54  Overlord x2  
  44  3:58  Overlord x2  
  44  4:04  Hatchery  
  44  4:08  Extractor  
  42  4:13  Drone x3  
  42  4:14  Drone  
  42  4:15  Extractor  
  45  4:19  Roach  
  47  4:27  Roach x2  
  51  4:32  Roach x3  
  57  4:40  Drone x3  
  60  4:49  Spore Crawler  
  60  4:51  Roach  
  60  4:52  Roach x3  
  67  4:53  Spore Crawler  
  67  4:54  Ravager  
  67  5:00  Drone  
  67  5:01  Drone  
  69  5:15  Zergling x10  
  69  5:16  Queen  
  69  5:17  Queen  
  69  5:20  Drone x2  
  80  5:37  Hatchery  
  80  5:42  Overlord x3  
  79  5:57  Overlord  
  79  5:58  Overlord x2  
  77  6:47  Drone x6  
  79  6:49  Extractor  
  79  6:51  Lair  
  80  6:55  Hatchery  
  71  7:19  Ravager x2  
  71  7:21  Roach x13  
  99  7:24  Queen  
  99  7:29  Spore Crawler  
  100  7:32  Spine Crawler  
  100  7:35  Spine Crawler  
  98  7:38  Ravager x3, Spine Crawler  
  98  7:39  Zergling x6  
  103  8:00  Queen  
  104  8:13  Roach  
  104  8:14  Roach x4  
Show
View Real Time Build Order
Export as new Build Order

Arnak Terran - Winner!

Build Orders: Reaper Expand, MMM Bio 

Get SALT Encoding   

  12  0:01  SCV  
  13  0:13  SCV  
  14  0:17  Supply Depot  
  14  0:25  SCV  
  15  0:39  Barracks, SCV  
  16  0:44  Refinery  
  16  0:51  SCV  
  17  1:03  SCV  
  18  1:15  SCV  
  19  1:27  Reaper  
  19  1:28  Orbital Command  
  20  1:42  Command Center  
  20  1:52  Barracks  
  20  1:56  SCV  
  20  2:00  Barracks Reactor  
  21  2:06  Supply Depot  
  21  2:09  SCV  
  21  2:14  Refinery  
  22  2:22  SCV  
  23  2:29  Factory  
  23  2:34  SCV  
  24  2:40  Marine x2  
  24  2:41  Barracks Tech Lab  
  26  2:46  SCV  
  27  2:58  SCV  
  28  3:01  Marine x2  
  28  3:03  Marine, Stimpack  
  31  3:10  Orbital Command  
  31  3:11  SCV  
  32  3:20  Starport, Marine  
  32  3:25  Marine  
  32  3:27  SCV, Factory Reactor  
  35  3:29  Marine  
  36  3:34  Supply Depot  
  36  3:37  SCV  
  36  3:40  Marine  
  38  3:42  SCV  
  38  3:47  Marine x2  
  41  3:50  SCV  
  41  3:55  SCV  
  43  4:02  Supply Depot, SCV  
  44  4:07  SCV  
  44  4:08  Marine x2  
  44  4:09  Marine  
  48  4:13  Medivac x2  
  48  4:14  SCV  
  53  4:19  SCV  
  53  4:23  Widow Mine  
  56  4:25  Supply Depot  
  56  4:26  SCV, Marine x2  
  56  4:28  Marine  
  56  4:31  SCV  
  61  4:38  SCV  
  62  4:47  SCV  
  62  4:48  Supply Depot  
  62  4:50  SCV  
  62  4:51  Command Center  
  64  4:53  Marine x2  
  64  4:56  Viking  
  64  4:57  Medivac  
  70  5:02  Supply Depot  
  70  5:07  Combat Shields  
  70  5:09  SCV, Marine  
  70  5:10  SCV  
  73  5:15  Supply Depot  
  73  5:18  Marine  
  74  5:21  SCV  
  74  5:26  SCV  
  74  5:28  Engineering Bay, Refinery  
  76  5:29  Refinery  
  76  5:30  Engineering Bay  
  71  5:37  SCV  
  71  5:38  Marine  
  71  5:39  Factory Tech Lab  
  73  5:44  Marine  
  73  5:46  SCV  
  75  5:52  Supply Depot x2  
  75  5:53  Medivac  
  75  5:54  Barracks, Medivac  
  75  5:56  Marine  
  80  5:58  Terran Infantry Weapons Level 1  
  80  6:00  SCV x2  
  80  6:03  Supply Depot  
  82  6:04  Orbital Command  
  82  6:14  Marine  
  82  6:16  Marine  
  82  6:18  SCV x2  
  84  6:27  Marine  
  84  6:29  Terran Infantry Armor Level 1  
  84  6:30  SCV x2  
  84  6:32  Marine  
  87  6:40  Supply Depot  
  87  6:42  SCV, Orbital Command  
  87  6:43  Supply Depot  
  87  6:45  Marine  
  88  6:49  Barracks Reactor  
  88  6:50  Siege Tank  
  88  6:56  Marine  
  88  6:57  Barracks, Factory  
  88  6:58  Barracks x2, SCV  
  88  6:59  SCV  
  89  7:04  Marine x2  
  91  7:10  Medivac  
  91  7:11  SCV x2  
  91  7:14  Marine  
  94  7:21  Marine x2  
  94  7:22  Siege Tank  
  99  7:25  Supply Depot  
  99  7:27  Supply Depot, Marine x2  
  101  7:32  Marine  
  101  7:35  Armory, SCV x2  
  104  7:39  Marine x2  
  104  7:43  Factory Tech Lab  
  106  7:45  Marine x2  
  106  7:50  SCV x2, Marine  
  112  7:53  Refinery  
  112  7:54  Siege Tank  
  112  7:57  Marine  
  117  7:58  Barracks Reactor  
  117  7:59  Supply Depot  
  117  8:00  Supply Depot, Barracks Reactor, Marine x2  
  117  8:02  Marine x2  
  119  8:10  SCV x2  
  121  8:14  Marine  
  121  8:16  Marine  
  121  8:19  Marine x2  
  124  8:23  Marine x2  
Tags
 
Add a new tag
Caveats
  • Supply blocks, unpowered buildings, or Contaminate may cause inaccurate times.
  • Supply counts are checked every 10 seconds.